MAA
YAKIMA HOPS @ HELENA GRIZZLIES
08/14/2019
 
TOP OF THE 1ST
Yakima Hops batting - Pitching for Helena Grizzlies : RHP José Trujillo
Pitching: RHP José Trujillo
Batting: RHB Roberto Andrade 0-0: Foul Ball, location: 2F
0-1: Ball
1-1: Ball
2-1: Foul Ball, location: 2F
2-2: Ball
3-2: Base on Balls
Batting: RHB Rafael Durango 0-0: Ball
1-0: DOUBLE (Line Drive, 78M)
Roberto Andrade to third
Batting: SHB Ramón Morales 0-0: Ball
1-0: Foul Ball, location: 2F
1-1: Foul Ball, location: 2F
1-2: Strikes out swinging
Batting: RHB Manuel Rodríguez 0-0: Called Strike
0-1: SINGLE (Line Drive, 4MD)
Roberto Andrade scores
Rafael Durango to third
Runner from 3rd tries for Home, SAFE, no throw or cutoff
Batting: RHB Rafael Najcrea 0-0: Ball
1-0: Ball
2-0: Foul Ball, location: 2F
2-1: Foul Ball, location: 2F
2-2: Ball
3-2: Base on Balls
Manuel Rodríguez to second
Batting: SHB Craig Barnes 0-0: Ball
1-0: Called Strike
1-1: Foul Ball, location: 2F
1-2: SINGLE (Line Drive, 8LS)
Manuel Rodríguez to third
Rafael Najcrea to second
Batting: RHB Marshall Attwood 0-0: Called Strike
0-1: Swinging Strike
0-2: Ball
1-2: Fly out, F4 (Line Drive, 6MS)
Batting: LHB Jesús Quintanilla 0-0: Called Strike
0-1: Fly out, F5 (Popup, 5L)
Top of the 1st over - 2 run(s), 3 hit(s), 0 error(s), 3 left on base; Yakima 2 - Helena 0
BOTTOM OF THE 1ST
Helena Grizzlies batting - Pitching for Yakima Hops : LHP Arnaldo Bodabalho
Pitching: LHP Arnaldo Bodabalho
Batting: RHB Emílio Ortíz 0-0: Ball
1-0: TRIPLE (Flyball, 89M)
Batting: LHB José Alonso 0-0: Ball
1-0: Ground out U3 (Groundball, 3S)
Batting: RHB Joe Chase 0-0: Ball
1-0: SINGLE (Groundball, 56D)
Emílio Ortíz scores
Batting: RHB Pancho Salaedo 0-0: Called Strike
0-1: Ball
1-1: Swinging Strike
1-2: Foul Ball, location: 2F
1-2: Strikes out looking
Batting: RHB Wilbur James 0-0: Called Strike
0-1: Ball
1-1: Foul Ball, location: 2F
1-2: Ground out 6-3 (Groundball, 6)
Bottom of the 1st over - 1 run(s), 2 hit(s), 0 error(s), 1 left on base; Yakima 2 - Helena 1
TOP OF THE 2ND
Yakima Hops batting - Pitching for Helena Grizzlies : RHP José Trujillo
Batting: RHB Jim Allen 0-0: Bunt for hit - play at first, batter OUT! 5-3
Batting: RHB Roberto Andrade 0-0: Ball
1-0: Ball
2-0: Foul Ball, location: 2F
2-1: Ground out 3-1 (Groundball, 34S)
Batting: RHB Rafael Durango 0-0: Called Strike
0-1: Ball
1-1: Foul Ball, location: 2F
1-2: Foul Ball, location: 2F
1-2: Ground out 5-3 (Groundball, 5)
Top of the 2nd over - 0 run(s), 0 hit(s), 0 error(s), 0 left on base; Yakima 2 - Helena 1
BOTTOM OF THE 2ND
Helena Grizzlies batting - Pitching for Yakima Hops : LHP Arnaldo Bodabalho
Batting: RHB David Ramírez 0-0: Ball
1-0: Ball
2-0: Ball
3-0: Called Strike
3-1: Called Strike
3-2: Base on Balls
Batting: RHB Dustin O'Quinlevan 0-0: Ball
1-0: Swinging Strike
1-1: Called Strike
1-2: Foul Ball, location: 2F
1-2: Hit by Pitch
David Ramírez to second
Pinch Runner at 1st Rufo Flores:
Batting: RHB Jeremy Murphy 0-0: Called Strike
0-1: Foul Ball, location: 2F
0-2: Ball
1-2: Strikes out swinging
Batting: RHB Jack Glenn 0-0: Ball
1-0: Ball
2-0: Ball
3-0: Base on Balls
David Ramírez to third
Rufo Flores to second
Batting: RHB Emílio Ortíz 0-0: Ball
1-0: Ball
2-0: Ball
3-0: Called Strike
3-1: Fly out, F9 (Line Drive, 9M)
Runner from 3rd tags up, SCORES, throw made
Batting: LHB José Alonso 0-0: Ball
1-0: Ball
2-0: Ball
3-0: Base on Balls
Rufo Flores to third
Jack Glenn to second
Batting: RHB Joe Chase 0-0: Ball
1-0: Ball
2-0: Ball
3-0: Called Strike
3-1: Base on Balls
Rufo Flores scores
Jack Glenn to third
José Alonso to second
Batting: RHB Pancho Salaedo 0-0: Called Strike
0-1: Swinging Strike
0-2: Ball
1-2: Ball
2-2: Strikes out looking
Bottom of the 2nd over - 2 run(s), 0 hit(s), 0 error(s), 3 left on base; Yakima 2 - Helena 3
TOP OF THE 3RD
Yakima Hops batting - Pitching for Helena Grizzlies : RHP José Trujillo
Now in RF: Rufo Flores
Batting: SHB Ramón Morales 0-0: Ball
1-0: Reached on error, E6 (Groundball, 6)
Batting: RHB Manuel Rodríguez 0-0: Called Strike
0-1: Swinging Strike
0-2: Foul Ball, location: 2F
0-2: Ball
1-2: Strikes out swinging
Batting: RHB Rafael Najcrea 0-0: Called Strike
0-1: Foul Ball, location: 2F
0-2: Strikes out looking
Batting: SHB Craig Barnes 0-0: Ball
1-0: Called Strike
1-1: Ball
2-1: Foul Ball, location: 2F
2-2: Foul Ball, location: 2F
2-2: Ball
3-2: Ground out 4-3 (Groundball, 4)
Top of the 3rd over - 0 run(s), 0 hit(s), 1 error(s), 1 left on base; Yakima 2 - Helena 3
BOTTOM OF THE 3RD
Helena Grizzlies batting - Pitching for Yakima Hops : LHP Arnaldo Bodabalho
Batting: RHB Wilbur James 0-0: Ground out 5-3 (Groundball, 56)
Batting: RHB David Ramírez 0-0: Ball
1-0: Swinging Strike
1-1: Called Strike
1-2: DOUBLE (Line Drive, 3D)
Batting: LHB Rufo Flores 0-0: Ball
1-0: Ball
2-0: Foul Ball, location: 2F
2-1: Called Strike
2-2: Ball
3-2: Base on Balls
Batting: RHB Jeremy Murphy 0-0: Called Strike
0-1: Ball
1-1: Foul Ball, location: 2F
1-2: Ball
2-2: Fly out, F9 (Flyball, 89M)
Batting: RHB Jack Glenn 0-0: Ball
1-0: Swinging Strike
1-1: Swinging Strike
1-2: Strikes out swinging
Bottom of the 3rd over - 0 run(s), 1 hit(s), 0 error(s), 2 left on base; Yakima 2 - Helena 3
TOP OF THE 4TH
Yakima Hops batting - Pitching for Helena Grizzlies : RHP José Trujillo
Batting: RHB Marshall Attwood 0-0: Ball
1-0: Foul Ball, location: 2F
1-1: Foul Ball, location: 2F
1-2: Strikes out swinging
Batting: LHB Jesús Quintanilla 0-0: Ball
1-0: Ball
2-0: Ball
3-0: Called Strike
3-1: Ground out 4-3 (Groundball, 4)
Batting: RHB Jim Allen 0-0: Foul Ball, location: 2F
0-1: Called Strike
0-2: SINGLE (Groundball, 34D)
Batting: RHB Roberto Andrade 0-0: Ball
1-0: Called Strike
Jim Allen steals 2nd base
1-1: Called Strike
1-2: Ball
2-2: Foul Ball, location: 2F
2-2: Strikes out swinging
Top of the 4th over - 0 run(s), 1 hit(s), 0 error(s), 1 left on base; Yakima 2 - Helena 3
BOTTOM OF THE 4TH
Helena Grizzlies batting - Pitching for Yakima Hops : LHP Arnaldo Bodabalho
Batting: RHB Emílio Ortíz 0-0: Ball
1-0: Ball
2-0: Called Strike
2-1: Fly out, F9 (Flyball, 89S)
Batting: LHB José Alonso 0-0: Called Strike
0-1: Swinging Strike
0-2: Ball
1-2: Strikes out swinging
Batting: RHB Joe Chase 0-0: Ball
1-0: Ball
2-0: Called Strike
2-1: Ground out 4-3 (Groundball, 4S)
Bottom of the 4th over - 0 run(s), 0 hit(s), 0 error(s), 0 left on base; Yakima 2 - Helena 3
TOP OF THE 5TH
Yakima Hops batting - Pitching for Helena Grizzlies : RHP José Trujillo
Batting: RHB Rafael Durango 0-0: Called Strike
0-1: Ball
1-1: Called Strike
1-2: SINGLE (Groundball, 5L) (infield hit)
Batting: SHB Ramón Morales 0-0: Foul Ball, location: 2F
0-1: Ball
1-1: Ball
2-1: Foul Ball, location: 2F
2-2: Ball
3-2: Fly out, F8 (Flyball, 8RM)
Batting: RHB Manuel Rodríguez 0-0: Ball
1-0: Ball
2-0: Fly out, F8 (Flyball, 8RM)
Batting: RHB Rafael Najcrea 0-0: Ball
1-0: Called Strike
1-1: Foul Ball, location: 2F
1-2: Fly out, F9 (Flyball, 89D)
Top of the 5th over - 0 run(s), 1 hit(s), 0 error(s), 1 left on base; Yakima 2 - Helena 3
BOTTOM OF THE 5TH
Helena Grizzlies batting - Pitching for Yakima Hops : LHP Arnaldo Bodabalho
Batting: RHB Pancho Salaedo 0-0: Called Strike
0-1: Ball
1-1: Called Strike
1-2: Ball
2-2: Foul Ball, location: 2F
2-2: Ball
3-2: Ground out 6-3 (Groundball, 6)
Batting: RHB Wilbur James 0-0: Ball
1-0: Fly out, F9 (Line Drive, 9M)
Batting: RHB David Ramírez 0-0: Ball
1-0: Ball
2-0: Foul Ball, location: 2F
2-1: SINGLE (Flyball, 7LM)
Pitching: RHP John Adams
Batting: LHB Rufo Flores 0-0: Ball
1-0: Swinging Strike
1-1: Swinging Strike
1-2: Strikes out looking
Bottom of the 5th over - 0 run(s), 1 hit(s), 0 error(s), 1 left on base; Yakima 2 - Helena 3
TOP OF THE 6TH
Yakima Hops batting - Pitching for Helena Grizzlies : RHP José Trujillo
Batting: SHB Craig Barnes 0-0: Called Strike
0-1: Foul Ball, location: 2F
0-2: Foul Ball, location: 2F
0-2: Strikes out looking
Batting: RHB Marshall Attwood 0-0: Ball
1-0: Called Strike
1-1: Called Strike
1-2: Ball
2-2: Foul Ball, location: 2F
2-2: Foul Ball, location: 2F
2-2: Fly out, F5 (Line Drive, 5S)
Batting: LHB Jesús Quintanilla 0-0: Called Strike
0-1: Called Strike
0-2: Ball
1-2: Ball
2-2: Strikes out swinging
Top of the 6th over - 0 run(s), 0 hit(s), 0 error(s), 0 left on base; Yakima 2 - Helena 3
BOTTOM OF THE 6TH
Helena Grizzlies batting - Pitching for Yakima Hops : RHP John Adams
Batting: RHB Jeremy Murphy 0-0: Ball
1-0: Ball
2-0: Called Strike
2-1: Swinging Strike
2-2: Ball
3-2: Base on Balls
Batting: RHB Jack Glenn 0-0: Bunted foul
0-1: Bunted foul
0-2: Ball
1-2: Foul Ball, location: 2F
1-2: Ball
2-2: Grounds into double play, 4-6-3 (Groundball, 4)
Batting: RHB Emílio Ortíz 0-0: Ground out 6-3 (Groundball, 6)
Bottom of the 6th over - 0 run(s), 0 hit(s), 0 error(s), 0 left on base; Yakima 2 - Helena 3
TOP OF THE 7TH
Yakima Hops batting - Pitching for Helena Grizzlies : RHP José Trujillo
Batting: RHB Jim Allen 0-0: SINGLE (Groundball, 34D)
Pitching: LHP Alonso García
Pinch Hitting: RHB Jim Unknown 0-0: Ball
1-0: Sac Bunt - play at first, batter OUT! 1-4
Jim Allen to second
Pinch Hitting: RHB Cal Jackson 0-0: Called Strike
0-1: Ball
1-1: Foul Ball, location: 2F
1-2: Ball
2-2: Ball
3-2: Foul Ball, location: 2F
3-2: Base on Balls
Batting: SHB Ramón Morales 0-0: Swinging Strike
0-1: Foul Ball, location: 2F
0-2: Ground out 5-3 (Groundball, 5S)
Jim Allen to third
Cal Jackson to second
Batting: RHB Manuel Rodríguez 0-0: 3-RUN HOME RUN (Flyball, 7LD), Distance : 350 ft
Batting: RHB Rafael Najcrea 0-0: Swinging Strike
0-1: Called Strike
0-2: Ball
1-2: Foul Ball, location: 2F
1-2: Strikes out swinging
Top of the 7th over - 3 run(s), 2 hit(s), 0 error(s), 0 left on base; Yakima 5 - Helena 3
BOTTOM OF THE 7TH
Helena Grizzlies batting - Pitching for Yakima Hops : RHP John Adams
Now at 2B: Carlos Sánchez
Now in RF: Jim Unknown
Batting: LHB José Alonso 0-0: Swinging Strike
0-1: Called Strike
0-2: Strikes out looking
Batting: RHB Joe Chase 0-0: Foul Ball, location: 2F
0-1: Ball
1-1: Ground out 4-3 (Groundball, 34)
Batting: RHB Pancho Salaedo 0-0: Called Strike
0-1: Called Strike
0-2: Foul Ball, location: 2F
0-2: Ball
1-2: Strikes out swinging
Bottom of the 7th over - 0 run(s), 0 hit(s), 0 error(s), 0 left on base; Yakima 5 - Helena 3
TOP OF THE 8TH
Yakima Hops batting - Pitching for Helena Grizzlies : LHP Alonso García
Pitching: RHP Luis Fernández
Batting: SHB Craig Barnes 0-0: Ball
1-0: Ball
2-0: SINGLE (Line Drive, 9S)
Batting: RHB Marshall Attwood 0-0: Called Strike
0-1: Fielders Choice at 2nd, 4-6 (Groundball, 34)
Batting: LHB Jesús Quintanilla 0-0: Ball
1-0: Called Strike
1-1: Ball
2-1: SINGLE (Line Drive, 56D)
Marshall Attwood to second
Batting: RHB Jim Allen 0-0: Called Strike
0-1: Ball
1-1: Fly out, F8 (Flyball, 8LXD)
Runner from 2nd tags up, SAFE at 3rd, no throw
Batting: RHB Jim Unknown 0-0: Ball
1-0: Fly out, F8 (Flyball, 78M)
Top of the 8th over - 0 run(s), 2 hit(s), 0 error(s), 2 left on base; Yakima 5 - Helena 3
BOTTOM OF THE 8TH
Helena Grizzlies batting - Pitching for Yakima Hops : RHP John Adams
Pitching: RHP Jim Unknown
Batting: RHB Wilbur James 0-0: Ball
1-0: Ball
2-0: Ball
3-0: Called Strike
3-1: Ground out 5-3 (Groundball, 5)
Batting: RHB David Ramírez 0-0: SINGLE (Groundball, 34D)
Batting: LHB Rufo Flores 0-0: Called Strike
0-1: Ball
1-1: Fly out, F6 (Line Drive, 6M)
Batting: RHB Jeremy Murphy 0-0: Called Strike
0-1: Called Strike
0-2: Strikes out swinging
Bottom of the 8th over - 0 run(s), 1 hit(s), 0 error(s), 1 left on base; Yakima 5 - Helena 3
TOP OF THE 9TH
Yakima Hops batting - Pitching for Helena Grizzlies : RHP Luis Fernández
Batting: SHB Carlos Sánchez 0-0: Ball
1-0: DOUBLE (Flyball, 9LM)
Batting: SHB Ramón Morales 0-0: Intentional Walk
Pinch Hitting: LHB Jim Unknown 0-0: Fielders Choice at 2nd, 1-6 (Groundball, 15S)
Carlos Sánchez to third
Pinch Hitting: SHB Jim Unknown 0-0: Ball
1-0: Fly out, F8 (Flyball, 8LM)
Runner from 3rd tags up, SCORES, no throw
Batting: SHB Craig Barnes 0-0: Ball
1-0: Ball
2-0: Ball
3-0: Base on Balls
Jim Unknown to second
Batting: RHB Marshall Attwood 0-0: Foul Ball, location: 2F
0-1: Called Strike
0-2: Foul Ball, location: 2F
0-2: Ball
1-2: SINGLE (Line Drive, 6D)
Jim Unknown to third
Craig Barnes to second
Batting: LHB Jesús Quintanilla 0-0: Ball
1-0: Ball
2-0: Ball
3-0: Called Strike
3-1: Base on Balls
Jim Unknown scores
Craig Barnes to third
Marshall Attwood to second
Pitching: RHP John Corbin
Batting: RHB Jim Allen 0-0: Ball
1-0: Foul Ball, location: 2F
1-1: Called Strike
1-2: Foul Ball, location: 2F
1-2: Strikes out swinging
Top of the 9th over - 2 run(s), 2 hit(s), 0 error(s), 3 left on base; Yakima 7 - Helena 3
BOTTOM OF THE 9TH
Helena Grizzlies batting - Pitching for Yakima Hops : RHP Jim Unknown
Now at SS: Jim Unknown
Now in CF: Jim Unknown
Batting: RHB Jack Glenn 0-0: Called Strike
0-1: Ball
1-1: Fly out, F6 (Popup, 6M)
Batting: RHB Emílio Ortíz 0-0: Called Strike
0-1: Swinging Strike
0-2: Fly out, F8 (Flyball, 8LS)
Batting: LHB José Alonso 0-0: Ball
1-0: Called Strike
1-1: Foul Ball, location: 2F
1-2: Ground out 4-3 (Groundball, 4)
Bottom of the 9th over - 0 run(s), 0 hit(s), 0 error(s), 0 left on base; Yakima 7 - Helena 3
This league is powered by Out of the Park Baseball, the baseball management simulation game for PC, Mac and Linux
Saturday, July 25th, 2015 - OOTP Baseball 15.6 Build 34